 Dungeon Crawl Stone Soup version 0.27-a0-1500-g450c7e4133 (webtiles) character file.

Game seed: 4300255178147426522

2832 Nausicaa the Cleaver (level 9, -2/81 HPs)
             Began as a Minotaur Berserker on July 7, 2021.
             Was an Elder of Trog.
             Slain by a gargoyle (17 damage)
             ... on level 9 of the Dungeon.
             The game lasted 00:13:27 (7017 turns).

Nausicaa the Cleaver (Minotaur Berserker)           Turns: 7017, Time: 00:13:27

Health: -2/81      AC: 10    Str: 28    XL:     9   Next: 45%
Magic:  8/8        EV: 13    Int:  4    God:    Trog [****..]
Gold:   69         SH:  0    Dex: 13    Spells: 8/8 levels left

rFire    . . .     SeeInvis .   D - +0 war axe
rCold    . . .     Faith    .   (no shield)
rNeg     . . .     Spirit   .   E - +1 scale mail of Hedging {Rampage}
rPois    +         Reflect  .   (helmet restricted)
rElec    .         Harm     .   (no cloak)
rCorr    .         Rampage  +   (no gloves)
Will     .....                  i - +0 pair of boots {Fly}
Stlth    ..........             y - amulet of regeneration
HPRegen  1.23/turn              m - ring of poison resistance
MPRegen  0.11/turn              b - +6 ring of strength

@: flying
A: horns 2, retaliatory headbutt
a: Renounce Religion, Berserk, Trog's Hand, Brothers in Arms


You were on level 9 of the Dungeon.
You worshipped Trog.
Trog was greatly pleased with you.
You visited 1 branch of the dungeon, and saw 9 of its levels.

You collected 303 gold pieces.
You spent 234 gold pieces at shops.

Inventory:

Hand Weapons
 a - a +0 hand axe
 D - a +0 war axe (weapon)
Missiles
 o - 8 boomerangs (quivered)
 q - 26 poisoned darts
Armour
 i - a +0 pair of boots of flying (worn)
 j - a +0 scale mail
 k - a +0 chain mail
 u - a +1 pair of boots
 E - the +1 scale mail of Hedging (worn) {Rampage}
   (You bought it in a shop on level 7 of the Dungeon)

   Rampage:   It bestows one free step when moving towards enemies.
Jewellery
 b - a +6 ring of strength (right hand)
 c - an amulet of faith
 m - a ring of poison resistance (left hand)
 y - an amulet of regeneration (around neck)
 A - a ring of poison resistance
 C - a ring of protection from cold
Wands
 r - a wand of flame (38)
 B - a wand of digging (5)
 I - a wand of charming (8)
Scrolls
 d - a scroll of acquirement {unknown}
 h - 2 scrolls of silence {unknown}
 n - 2 scrolls of enchant weapon {unknown}
 p - 2 scrolls of teleportation {unknown}
 s - a scroll of fog {unknown}
 t - a scroll of magic mapping {unknown}
 x - a scroll of torment {unknown}
 G - a scroll of immolation {unknown}
 H - 2 scrolls of vulnerability {unknown}
 J - a scroll of enchant armour {unknown}
Potions
 e - a potion of degeneration
 g - a potion of brilliance
 l - a potion of attraction
 v - 2 potions of flight
 w - a potion of might
 z - 2 potions of haste
 F - 2 potions of mutation {unknown}


   Skills:
 + Level 7.8 Fighting
 * Level 10.5 Axes
 + Level 7.4 Armour
 + Level 6.7 Dodging


You had 8 spell levels left.
You didn't know any spells.
Your spell library was empty.

Dungeon Overview and Level Annotations

Branches:
Dungeon (9/15)             Temple (0/1) D:4
   Lair: D:8-11         Orc: D:9-12

Altars:
Vehumet

Shops:
D:4 :   D:6 [   D:7 [


Innate Abilities, Weirdness & Mutations

You have a pair of horns on your head.
You reflexively headbutt those who attack you in melee.


Message History

The gnoll barely misses you.
The gargoyle hurls a stone arrow at you.
The stone arrow hits you!
The centaur shoots an arrow.
The arrow hits you. The gnoll barely misses you. The gnoll closely misses you.
The gargoyle hits you with a +0 morningstar!
You fly downwards.
There is a stone staircase leading up here.
You slash the gargoyle!
The gargoyle is heavily damaged.
The gargoyle barely misses you.
You barely miss the gargoyle. Your headbutt misses the gargoyle.
The gargoyle is heavily damaged.
The gargoyle barely misses you. You furiously retaliate!
You headbutt the gargoyle, but do no damage.
You hit the gargoyle but do no damage.
You headbutt the gargoyle, but do no damage.
The gargoyle is heavily damaged.
The gargoyle hits you with a +0 morningstar!
You hit the gargoyle. Your headbutt misses the gargoyle.
The gargoyle is heavily damaged.
The gargoyle barely misses you. You furiously retaliate!
You headbutt the gargoyle, but do no damage.
You slash the gargoyle!
The gargoyle is severely damaged.
The gargoyle hits you but does no damage.
You hit the gargoyle but do no damage.
The gargoyle is severely damaged.
The gargoyle hurls a stone arrow at you.
The stone arrow hits you!!
* * * LOW HITPOINT WARNING * * *
You hit the gargoyle but do no damage.
You headbutt the gargoyle, but do no damage.
The gargoyle is severely damaged.
The gargoyle hits you with a +0 morningstar.
* * * LOW HITPOINT WARNING * * *
You barely miss the gargoyle.
The gargoyle is severely damaged.
The gargoyle hits you with a +0 morningstar!
You die...

#..+ ....# #..#
....#
#####+##+##.####...#
........ #.......)#
...... #........#.
##...######...####.
#......#).....#....
#.9....'......'....
#.@...)#......#....
#......#......#....
###################


You could see a gargoyle.

Vanquished Creatures
  A kobold demonologist (D:9)
  3 steam dragons
  A water moccasin (D:8)
  An orc warrior (D:6)
  A hornet zombie (D:7)
  3 ice beasts
  A sky beast (D:6)
  A centaur (D:7)
  4 ogres
  A kobold brigand (D:6)
  A bullfrog (D:8)
  A scorpion (D:4)
  2 wyvern skeletons
  2 centaur zombies (D:7)
  A hound (D:7)
  A gnoll shaman (D:8)
  A centaur skeleton (D:4)
  5 orc priests (D:6)
  A bullfrog skeleton (D:5)
  4 iguanas
  8 orc wizards
  Terence (D:3)
  A hound zombie (D:5)
  5 adders
  5 gnolls
  An ufetubus (D:4)
  2 dart slugs
  23 orcs
  5 bats
  5 endoplasms
  4 giant cockroaches
  3 goblins
  2 hobgoblins (D:2)
  2 quokkas
  3 ball pythons
  A frilled lizard (D:1)
  9 kobolds
  2 rats
118 creatures vanquished.

Vanquished Creatures (others)
  A hound (D:6)
1 creature vanquished.

Grand Total: 119 creatures vanquished

Notes
Turn   | Place    | Note
-------+----------+-------------------------------------------
     0 | D:1      | Nausicaa the Minotaur Berserker began the quest for the
                  | Orb.
     0 | D:1      | Reached XP level 1. HP: 19/19 MP: 0/0
   228 | D:1      | Found a faded altar of an unknown god.
   253 | D:1      | Reached XP level 2. HP: 24/27 MP: 1/1
   328 | D:1      | Reached skill level 4 in Axes
   786 | D:2      | Reached XP level 3. HP: 27/33 MP: 2/2
   915 | D:2      | Reached ** piety under Trog
  2061 | D:3      | Noticed Terence
  2067 | D:3      | Killed Terence
  2068 | D:3      | Reached XP level 4. HP: 35/40 MP: 3/3
  2561 | D:4      | Noticed an ogre
  2580 | D:4      | Killed an ogre
  2581 | D:4      | Reached skill level 5 in Axes
  2581 | D:4      | Reached XP level 5. HP: 23/47 MP: 4/4
  2872 | D:4      | Found a radiant altar of Vehumet.
  2961 | D:4      | Found a staircase to the Ecumenical Temple.
  2975 | D:4      | Found Cojun's Book Shop.
  2983 | D:4      | Reached XP level 6. HP: 55/55 MP: 5/5
  3051 | D:4      | Noticed a steam dragon
  3065 | D:4      | Killed a steam dragon
  3066 | D:4      | Reached skill level 5 in Fighting
  3066 | D:4      | Reached skill level 6 in Axes
  3680 | D:5      | Entered Level 5 of the Dungeon
  3756 | D:5      | Reached XP level 7. HP: 19/61 MP: 6/6
  4266 | D:5      | Reached skill level 7 in Axes
  4324 | D:5      | Reached skill level 5 in Armour
  4700 | D:5      | Reached *** piety under Trog
  5470 | D:6      | Reached skill level 8 in Axes
  5555 | D:6      | Reached XP level 8. HP: 70/70 MP: 7/7
  5557 | D:6      | Reached skill level 5 in Dodging
  5754 | D:6      | Found Estiyca's Armour Boutique.
  5826 | D:6      | Reached skill level 9 in Axes
  6299 | D:7      | Found Cyiqaerch's Antique Armour Shop.
  6320 | D:7      | Reached XP level 9. HP: 64/79 MP: 8/8
  6403 | D:7      | Bought a scorched scale mail for 234 gold pieces
  6403 | D:7      | Identified the +1 scale mail of Hedging {Rampage} (You
                  | bought it in a shop on level 7 of the Dungeon)
  6485 | D:7      | Reached skill level 10 in Axes
  6850 | D:8      | Noticed a komodo dragon
  6860 | D:8      | Reached **** piety under Trog
  6868 | D:8      | Noticed a gargoyle
  6926 | D:9      | Noticed a kobold demonologist
  6929 | D:9      | Noticed a rust devil
  6934 | D:9      | Killed a kobold demonologist
  7017 | D:9      | Slain by a gargoyle

Illustrated notes

Levels and vault maps discovered:
D:1:      dpeg_arrival_refuge, layout_basic, shapermc_ecumenical_altar_venn,
          nrook_mini_vaults
D:2:      layout_loops_ring, minivault_27, due_unseen_surprise
D:3:      kennysheep_big_flooded_room, layout_basic, uniq_terence
D:4:      layout_cave_pools, nicolae_vehumet_radiance,
          minmay_temple_entry_statues_fountains, serial_shops,
          nicolae_diamond_shop, hangedman_abyss_or_decor_lesser_grid
D:5:      layout_basic, hangedman_abyss_or_decor_stabs, grunt_decor_arrowhead,
          lemuel_flame_loot_1
D:6:      layout_layer_cave, serial_shops, shop
D:7:      layout_rooms, serial_shops, nicolae_stop_n_shop_1
D:8:      layout_loops_ring, grunt_potential
D:9:      layout_grid_maze, due_lair_maze_entry_diamond

Skill      XL: |  1  2  3  4  5  6  7  8  9 |
---------------+----------------------------+-----
Axes           | 4 5 6 8 9 10 | 10.5
Fighting       | 4 5 6 7 |  7.8
Armour         | 3 4 5 6 7 |  7.4
Dodging        | 3 4 6 |  6.7

Action                   |  1- 3 |  4- 6 |  7- 9 || total
-------------------------+-------+-------+-------++-------
Melee: Hand axe          |    92 |    63 |   140 ||   295
       Headbutt          |    14 |    12 |    62 ||    88
       War axe           |       |       |   104 ||   104
Invok: Berserk           |       |     3 |     2 ||     5
Evoke: Wand              |       |       |     1 ||     1
  Use: Scroll            |       |       |     7 ||     7
Armor: Animal skin       |     5 |       |       ||     5
       Chain mail        |    37 |    31 |    93 ||   161
       Scale mail        |     2 |       |    28 ||    30
Dodge: Dodged            |    37 |    36 |   134 ||   207

Table legend: (Time is in decaauts)
 A = Elapsed time spent in this place.
 B = Non-inter-level travel time spent in this place.
 C = Inter-level travel time spent in this place.
 D = Time resting spent in this place.
 E = Time spent auto-exploring this place.
 F = Levels seen in this place.
 G = Mean time per level.
                   A        B        C        D        E       F      G
               +--------+--------+--------+--------+--------+-----+--------+
         Total |   7063 |   6784 |    279 |    253 |   5547 |   9 |  784.8 |
       Dungeon |   7063 |   6784 |    279 |    253 |   5547 |   9 |  784.8 |
               +--------+--------+--------+--------+--------+-----+--------+

Top non-repeatable levels by time:
     D:5: 1570 daAuts
     D:4: 1159 daAuts
     D:6: 1044 daAuts
     D:3: 1002 daAuts
     D:2: 910 daAuts
     D:1: 640 daAuts
     D:7: 445 daAuts
     D:8: 160 daAuts
     D:9: 128 daAuts
